PA
HAMMOND HERONS @ HOGSMEADE CAULDRONS
07/20/2029
 
TOP OF THE 1ST
Hammond Herons batting - Pitching for Hogsmeade Cauldrons : RHP William Fothergill
Pitching: RHP William Fothergill
Batting: RHB Guillermo Montepeque 0-0: Called Strike
0-1: Ball
1-1: Foul Ball, location: 2F
1-2: Strikes out swinging
Batting: LHB Raymond Dudzinski 0-0: Called Strike
0-1: Fly out, F6 (Line Drive, 6)
Batting: RHB Norm Freshwater 0-0: Called Strike
0-1: Foul Ball, location: 2F
0-2: Ball
1-2: Strikes out swinging
Top of the 1st over - 0 runs, 0 hits, 0 errors, 0 left on base; Hammond 0 - Hogsmeade 0
BOTTOM OF THE 1ST
Hogsmeade Cauldrons batting - Pitching for Hammond Herons : RHP Ryunosuke Kurota
Pitching: RHP Ryunosuke Kurota
Batting: RHB César Ramos 0-0: Ball
1-0: Fly out, F7 (Line Drive, 7)
Batting: RHB Panas Pletnev 0-0: Fly out, F7 (Flyball, 7S)
Batting: RHB Damon Newbold 0-0: Ball
1-0: Ball
2-0: Swinging Strike
2-1: Fly out, F6 (Line Drive, 6M)
Bottom of the 1st over - 0 runs, 0 hits, 0 errors, 0 left on base; Hammond 0 - Hogsmeade 0
TOP OF THE 2ND
Hammond Herons batting - Pitching for Hogsmeade Cauldrons : RHP William Fothergill
Batting: LHB Shigenobu Ohayashi 0-0: Called Strike
0-1: Called Strike
0-2: Ball
1-2: Foul Ball, location: 2F
1-2: Ground out 4-3 (Groundball, 4)
Batting: RHB Jong-beom Chang 0-0: Ball
1-0: SINGLE (Line Drive, 7LS)
Batting: RHB Landon Edwards 0-0: Ball
1-0: Ball
2-0: Ball
3-0: Swinging Strike
3-1: Called Strike
3-2: Strikes out swinging
Batting: RHB Spartak Gonjarov 0-0: Foul Ball, location: 2F
0-1: Swinging Strike
0-2: Ball
1-2: Strikes out swinging
Top of the 2nd over - 0 runs, 1 hit, 0 errors, 1 left on base; Hammond 0 - Hogsmeade 0
BOTTOM OF THE 2ND
Hogsmeade Cauldrons batting - Pitching for Hammond Herons : RHP Ryunosuke Kurota
Batting: RHB Mariano Saelices 0-0: Foul Ball, location: 2F
0-1: Ball
1-1: Called Strike
1-2: Ball
2-2: Strikes out swinging
Batting: RHB Luis Manuel Flores 0-0: Ball
1-0: Foul Ball, location: 2F
1-1: Ball
2-1: Fly out, F8 (Line Drive, 8RM)
Batting: RHB Bob Petiet 0-0: Ball
1-0: Foul Ball, location: 2F
1-1: Ball
2-1: Swinging Strike
2-2: Strikes out swinging
Bottom of the 2nd over - 0 runs, 0 hits, 0 errors, 0 left on base; Hammond 0 - Hogsmeade 0
TOP OF THE 3RD
Hammond Herons batting - Pitching for Hogsmeade Cauldrons : RHP William Fothergill
Batting: RHB Armando Romero 0-0: Ball
1-0: Ball
2-0: Foul Ball, location: 2F
2-1: Fly out, F7 (Flyball, 7)
Batting: RHB Juan Laguna 0-0: Ball
1-0: Called Strike
1-1: Swinging Strike
1-2: Foul Ball, location: 2F
1-2: Ground out 5-3 (Groundball, 56S)
Batting: RHB Guillermo Montepeque 0-0: Ball
1-0: Ground out U3 (Groundball, 34)
Top of the 3rd over - 0 runs, 0 hits, 0 errors, 0 left on base; Hammond 0 - Hogsmeade 0
BOTTOM OF THE 3RD
Hogsmeade Cauldrons batting - Pitching for Hammond Herons : RHP Ryunosuke Kurota
Batting: RHB Akke Derksen 0-0: SINGLE (Line Drive, 4MD)
Batting: RHB Lu Tsai 0-0: Ball
1-0: Foul Ball, location: 2F
1-1: Fielders Choice at 2nd, 4-6 (Groundball, 4)
Batting: RHB José Vargas 0-0: Grounds into double play, 6-4-3 (Groundball, 6)
Bottom of the 3rd over - 0 runs, 1 hit, 0 errors, 0 left on base; Hammond 0 - Hogsmeade 0
TOP OF THE 4TH
Hammond Herons batting - Pitching for Hogsmeade Cauldrons : RHP William Fothergill
Batting: LHB Raymond Dudzinski 0-0: Called Strike
0-1: Ground out 3-1 (Groundball, 34)
Batting: RHB Norm Freshwater 0-0: Called Strike
0-1: Ball
1-1: Foul Ball, location: 2F
1-2: Ball
2-2: Strikes out swinging
Batting: LHB Shigenobu Ohayashi 0-0: Foul Ball, location: 2F
0-1: Fly out, F9 (Flyball, 9S)
Top of the 4th over - 0 runs, 0 hits, 0 errors, 0 left on base; Hammond 0 - Hogsmeade 0
BOTTOM OF THE 4TH
Hogsmeade Cauldrons batting - Pitching for Hammond Herons : RHP Ryunosuke Kurota
Batting: RHB César Ramos 0-0: Ground out 6-3 (Groundball, 6M)
Batting: RHB Panas Pletnev 0-0: Ball
1-0: Called Strike
1-1: Called Strike
1-2: Ball
2-2: Ball
3-2: Fly out, F5 (Popup, 15)
Batting: RHB Damon Newbold 0-0: Ball
1-0: Ball
2-0: Ball
3-0: Called Strike
3-1: Swinging Strike
3-2: Fly out, F6 (Popup, 6MS)
Bottom of the 4th over - 0 runs, 0 hits, 0 errors, 0 left on base; Hammond 0 - Hogsmeade 0
TOP OF THE 5TH
Hammond Herons batting - Pitching for Hogsmeade Cauldrons : RHP William Fothergill
Batting: RHB Jong-beom Chang 0-0: Ball
1-0: Foul Ball, location: 2F
1-1: Ball
2-1: Ball
3-1: Ground out 5-3 (Groundball, 5)
Batting: RHB Landon Edwards 0-0: Ground out 6-3 (Groundball, 6M)
Batting: RHB Spartak Gonjarov 0-0: SINGLE (Groundball, 56D)
Batting: RHB Armando Romero 0-0: Ball
Spartak Gonjarov steals 2nd base
1-0: Foul Ball, location: 2F
1-1: SINGLE (Groundball, 56D)
Spartak Gonjarov to third
Runner from 3rd tries for Home, SAFE, no throw
Batting: RHB Juan Laguna 0-0: DOUBLE (Line Drive, 9LM)
Armando Romero to third
Batting: RHB Guillermo Montepeque 0-0: Foul Ball, location: 2F
0-1: Called Strike
0-2: Strikes out swinging
Top of the 5th over - 1 run, 3 hits, 0 errors, 2 left on base; Hammond 1 - Hogsmeade 0
BOTTOM OF THE 5TH
Hogsmeade Cauldrons batting - Pitching for Hammond Herons : RHP Ryunosuke Kurota
Batting: RHB Mariano Saelices 0-0: Ball
1-0: Ball
2-0: Called Strike
2-1: Called Strike
2-2: Fly out, F5 (Line Drive, 5)
Batting: RHB Luis Manuel Flores 0-0: Called Strike
0-1: Foul Ball, location: 2F
0-2: Strikes out swinging
Batting: RHB Bob Petiet 0-0: Ball
1-0: Swinging Strike
1-1: Ball
2-1: Ball
3-1: Base on Balls
Batting: RHB Akke Derksen 0-0: Reached via error on a dropped throw, E3
Bob Petiet to second
Batting: RHB Lu Tsai 0-0: Ball
1-0: Fielders Choice at 2nd, 5-4 (Groundball, 5L)
Bottom of the 5th over - 0 runs, 0 hits, 1 error, 2 left on base; Hammond 1 - Hogsmeade 0
TOP OF THE 6TH
Hammond Herons batting - Pitching for Hogsmeade Cauldrons : RHP William Fothergill
Batting: LHB Raymond Dudzinski 0-0: Ground out 1-3 (Groundball, P)
Batting: RHB Norm Freshwater 0-0: Ball
1-0: Ground out U3 (Groundball, 3)
Batting: LHB Shigenobu Ohayashi 0-0: Ball
1-0: Ball
2-0: Fly out, F9 (Line Drive, 9)
Top of the 6th over - 0 runs, 0 hits, 0 errors, 0 left on base; Hammond 1 - Hogsmeade 0
BOTTOM OF THE 6TH
Hogsmeade Cauldrons batting - Pitching for Hammond Herons : RHP Ryunosuke Kurota
Batting: RHB José Vargas 0-0: Called Strike
0-1: Swinging Strike
0-2: Foul Ball, location: 2F
0-2: Strikes out swinging
Batting: RHB César Ramos 0-0: Ball
1-0: Swinging Strike
1-1: Ground out 1-3 (Groundball, P)
Batting: RHB Panas Pletnev 0-0: Foul Ball, location: 2F
0-1: Ball
1-1: Ball
2-1: Swinging Strike
2-2: Foul Ball, location: 2F
2-2: Foul Ball, location: 2F
2-2: Ball
3-2: TRIPLE (Flyball, 7D)
Batting: RHB Damon Newbold 0-0: Ball
1-0: Foul Ball, location: 2F
1-1: SINGLE (Line Drive, 7LS)
Panas Pletnev scores
Batting: RHB Mariano Saelices 0-0: Ball
1-0: Ball
Damon Newbold steals 2nd base
2-0: Swinging Strike
2-1: Called Strike
2-2: Strikes out swinging
Bottom of the 6th over - 1 run, 2 hits, 0 errors, 1 left on base; Hammond 1 - Hogsmeade 1
TOP OF THE 7TH
Hammond Herons batting - Pitching for Hogsmeade Cauldrons : RHP William Fothergill
Batting: RHB Jong-beom Chang 0-0: Ball
1-0: Foul Ball, location: 2F
1-1: Ball
2-1: Ball
3-1: Swinging Strike
3-2: Strikes out swinging
Batting: RHB Landon Edwards 0-0: Fly out, F3 (Popup, 3SF)
Batting: RHB Spartak Gonjarov 0-0: Ball
1-0: Called Strike
1-1: Ground out 6-3 (Groundball, 6)
Top of the 7th over - 0 runs, 0 hits, 0 errors, 0 left on base; Hammond 1 - Hogsmeade 1
BOTTOM OF THE 7TH
Hogsmeade Cauldrons batting - Pitching for Hammond Herons : RHP Ryunosuke Kurota
Batting: RHB Luis Manuel Flores 0-0: Ball
1-0: Ball
2-0: Ball
3-0: Called Strike
3-1: Ground out 5-3 (Groundball, 56)
Batting: RHB Bob Petiet 0-0: SINGLE (Groundball, 6MD)
Batting: RHB Akke Derksen 0-0: Called Strike
0-1: Ball
1-1: Called Strike
1-2: Foul Ball, location: 2F
1-2: Ball
2-2: Foul Ball, location: 2F
2-2: SINGLE (Line Drive, 78S)
Bob Petiet to second
Pinch Hitting: LHB Pedro Reyes 0-0: Foul Ball, location: 2F
0-1: Foul Ball, location: 2F
0-2: Foul Ball, location: 2F
0-2: Ball
1-2: Strikes out swinging
Batting: RHB José Vargas 0-0: DOUBLE (Line Drive, 7LD)
Bob Petiet scores
Akke Derksen to third
Runner from 3rd tries for Home, SAFE, no throw
Batting: RHB César Ramos 0-0: Ball
1-0: Fly out, F8 (Flyball, 8LM)
Bottom of the 7th over - 2 runs, 3 hits, 0 errors, 1 left on base; Hammond 1 - Hogsmeade 3
TOP OF THE 8TH
Hammond Herons batting - Pitching for Hogsmeade Cauldrons : RHP William Fothergill
Now at 1B: Pedro Reyes
Batting: RHB Armando Romero 0-0: Foul Ball, location: 2F
0-1: Swinging Strike
0-2: Strikes out swinging
Batting: RHB Juan Laguna 0-0: Ball
1-0: Fly out, F8 (Flyball, 8RS)
Batting: RHB Guillermo Montepeque 0-0: Called Strike
0-1: Swinging Strike
0-2: Ball
1-2: Ball
2-2: Ground out 4-3 (Groundball, 4M)
Top of the 8th over - 0 runs, 0 hits, 0 errors, 0 left on base; Hammond 1 - Hogsmeade 3
BOTTOM OF THE 8TH
Hogsmeade Cauldrons batting - Pitching for Hammond Herons : RHP Ryunosuke Kurota
Batting: RHB Panas Pletnev 0-0: Foul Ball, location: 2F
0-1: Ground out 5-3 (Groundball, 56)
Batting: RHB Damon Newbold 0-0: Ball
1-0: Ball
2-0: DOUBLE (Flyball, 89D)
Batting: RHB Mariano Saelices 0-0: Ball
1-0: Ball
2-0: Called Strike
2-1: Foul Ball, location: 2F
2-2: Foul Ball, location: 2F
2-2: SINGLE (Groundball, 56S) (infield hit)
Damon Newbold to third
Pitching: RHP Aaron Houchens
Batting: RHB Luis Manuel Flores 0-0: Fly out, F3 (Popup, 34)
Batting: RHB Bob Petiet 0-0: Called Strike
0-1: DOUBLE (Flyball, 8LXD)
Damon Newbold scores
Mariano Saelices to third
Runner from 3rd tries for Home, SAFE, no throw
Batting: RHB Akke Derksen 0-0: Foul Ball, location: 2F
0-1: Ball
1-1: Foul Ball, location: 2F
1-2: Foul Ball, location: 2F
1-2: Foul Ball, location: 2F
1-2: Ball
2-2: Ground out 6-3 (Groundball, 6MS)
Bottom of the 8th over - 2 runs, 3 hits, 0 errors, 1 left on base; Hammond 1 - Hogsmeade 5
TOP OF THE 9TH
Hammond Herons batting - Pitching for Hogsmeade Cauldrons : RHP William Fothergill
Batting: LHB Raymond Dudzinski 0-0: Fly out, F7 (Flyball, 78S)
Batting: RHB Norm Freshwater 0-0: Ball
1-0: Ball
2-0: SINGLE (Flyball, 9S)
Batting: LHB Shigenobu Ohayashi 0-0: Ball
1-0: Called Strike
1-1: Foul Ball, location: 2F
1-2: Ball
2-2: Fly out, F8 (Flyball, 8LD)
Batting: RHB Jong-beom Chang 0-0: SINGLE (Popup, 15S)
Norm Freshwater to second
Pitching: RHP Brian Peeks
Batting: RHB Landon Edwards 0-0: Ball
1-0: Foul Ball, location: 2F
1-1: Called Strike
1-2: Foul Ball, location: 2F
1-2: Strikes out looking
Top of the 9th over - 0 runs, 2 hits, 0 errors, 2 left on base; Hammond 1 - Hogsmeade 5
Tuesday, December 19th, 2017 - OOTP Baseball 18.8 Build 76